 Dungeon Crawl Stone Soup version 0.31.0-32-g396128a36d (webtiles) character file.

Game seed: 819235092244240474

585 drcatpants2 the Cleaver (level 7, -10/62 HPs)
             Began as a Naga Berserker on Apr 9, 2024.
             Was a Believer of Trog.
             Mangled by an ogre
             ... wielding a +0 giant club
              (14 damage)
             ... on level 5 of the Dungeon.
             The game lasted 00:09:09 (3283 turns).

drcatpants2 the Cleaver (Naga Berserker)            Turns: 3283, Time: 00:09:09

Health: -10/62     AC:  6    Str: 21    XL:     7   Next: 37%
Magic:  7/7        EV:  8    Int:  8    God:    Trog [**....]
Gold:   176        SH:  0    Dex: 16    Spells: 6/6 levels left

rFire   . . .        a - +0 hand axe
rCold   . . .        (no shield)
rNeg    . . .        d - +0 scale mail
rPois   +            (no helmet)
rElec   .            (no cloak)
rCorr   +            g - +0 pair of gloves
SInv    +            (no barding)
Will    .....        (no amulet) Stlth
                     n - +6 ring of dexterity
HPRegen 0.30/turn    v - ring of resist corrosion
MPRegen 0.10/turn

%: no passive effects
@: very slow
A: AC +2, large, see invisible, deformed body, poison resistance, slowness 2,
spit poison 1, naga tail 1
a: Spit Poison, Renounce Religion, Berserk, Trog's Hand


You were on level 5 of the Dungeon.
You worshipped Trog.
Trog was pleased with you.
You visited 2 branches of the dungeon, and saw 6 of its levels.

You collected 176 gold pieces.

Inventory:

Hand Weapons
 a - a +0 hand axe (weapon)
Missiles
 p - 6 poisoned darts
 r - a throwing net
Armour
 d - a +0 scale mail (worn)
 g - a +0 pair of gloves (worn)
Jewellery
 n - a +6 ring of dexterity (left hand)
 v - a ring of resist corrosion (right hand)
Wands
 l - a wand of paralysis (10)
Scrolls
 b - a scroll of brand weapon
 e - a scroll of teleportation {unknown}
 f - 2 scrolls of poison
 i - a scroll of amnesia
 j - a scroll of vulnerability {unknown}
 k - a scroll of immolation {unknown}
 o - a scroll of revelation {unknown}
 q - a scroll of butterflies {unknown}
Potions
 c - 3 potions of ambrosia {unknown}
 h - 3 potions of attraction {unknown}
 m - a potion of invisibility {unknown}
 s - a potion of degeneration {unknown}
 t - a potion of curing {unknown}
 u - 2 potions of enlightenment {unknown}
 w - 2 potions of heal wounds {unknown}


   Skills:
 + Level 3.0 Fighting
 * Level 8.0 Axes
 + Level 0.3 Throwing
 + Level 1.7 Armour
 + Level 1.7 Dodging
 + Level 0.8 Stealth
 + Level 0.3 Evocations


You had 6 spell levels left.
You didn't know any spells.
Your spell library contained the following spells:

 Spells                   Type           Power      Damage    Failure   Level
 Freeze                   Ice            0%         1d3       77%         1
 Frozen Ramparts          Ice            0%         1d1       98%         3
 Hailstorm                Conj/Ice       0%         3d5       98%         3


Dungeon Overview and Level Annotations

Branches:
Dungeon (5/15)             Temple (1/1) D:4

Altars:
Ashenzari
Cheibriados
Dithmenos
Elyvilon
Fedhas
Gozag
Hepliaklqana
Kikubaaqudgha
Makhleb
Nemelex Xobeh
Okawaru
Qazlal
Ru
Sif Muna
Trog
Uskayaw
Vehumet
Xom
Yredelemnul
Zin
The Shining One

Shops:
D:1 [   D:4 [


Innate Abilities, Weirdness & Mutations

Your serpentine skin is tough. (AC +2)
You have supernaturally acute eyesight. (SInv)
Armour fits poorly on your strangely shaped body.
Your system is resistant to poisons. (rPois)
You cover ground very slowly.
You can spit poison.
You have a snake-like lower body.


Message History

You kill the iguana!
Trog accepts your kill.
You see here an iguana corpse.
u - 2 yellow potions (gained 1)
You now have enough gold to buy a glowing scale mail on D:4.
You can access your shopping list by pressing '$'.
You now have 176 gold pieces (gained 17).
An ogre comes into view. It is wielding a +0 giant club.
The ogre shouts!
You hear a shout!
The splash of poison hits the ogre!
The ogre is moderately wounded.
You have got your breath back.
The splash of poison hits the ogre.
The ogre is poisoned.
The ogre is moderately wounded.
You hit the ogre.
The ogre is heavily wounded.
The ogre hits you with a +0 giant club!
You barely miss the ogre.
The ogre is heavily wounded.
You hit the ogre.
The ogre is severely wounded.
The ogre hits you with a +0 giant club!!
* * * LOW HITPOINT WARNING * * *
You barely miss the ogre.
The ogre is severely wounded.
You have got your breath back.
You hit the ogre but do no damage.
The ogre is severely wounded.
The ogre looks more healthy.
The ogre hits you with a +0 giant club!
* * * LOW HITPOINT WARNING * * *
You barely miss the ogre.
The ogre is severely wounded.
The ogre hits you with a +0 giant club!
* * * LOW HITPOINT WARNING * * *
You hit the ogre.
The ogre is almost dead.
You hit the ogre.
The ogre is almost dead.
The ogre hits you with a +0 giant club!
You die...

#.# #.# ####.##.#.##
#........... ..
.###.##.##.#.###.#
.................
.###.##.#....#.# #
#.........#
#.#.O###....#
..#.#.#.@.......#
...........†....#
.##..#...##....#
....................
####[#.##.####.##.##
.......<.# .# ..
.............#.# #
####.#.####### #
.....


You could see an ogre.

Vanquished Creatures
  Sigmund (D:4)
  A centaur (D:4)
  2 hounds (D:4)
  An orc priest (D:4)
  An iguana (D:5)
  Natasha (thrice) (D:4)
  3 gnolls (D:3)
  5 adders
  2 dart slugs
  A ribbon worm (D:2)
  5 orcs
  2 bats (D:2)
  7 endoplasms
  3 giant cockroaches
  8 goblins
  4 hobgoblins
  4 jackals (D:1)
  3 quokkas
  6 ball pythons
  4 frilled lizards
  13 kobolds
  4 rats
83 creatures vanquished.

Notes
Turn   | Place    | Note
-------+----------+-------------------------------------------
     0 | D:1      | drcatpants2 the Naga Berserker began the quest for the Orb.
     0 | D:1      | Reached XP level 1. HP: 21/21 MP: 1/1
   331 | D:1      | Reached XP level 2. HP: 27/28 MP: 2/2
   428 | D:1      | Found a faded altar of an unknown god.
   503 | D:1      | Found Pappopt's Antique Armour Shoppe.
   509 | D:1      | Reached skill level 4 in Axes
   717 | D:1      | Reached XP level 3. HP: 32/34 MP: 3/3
  1421 | D:3      | Reached ** piety under Trog
  1463 | D:3      | Reached XP level 4. HP: 42/42 MP: 4/4
  1476 | D:3      | Reached skill level 5 in Axes
  2238 | D:4      | Reached XP level 5. HP: 49/49 MP: 5/5
  2346 | D:4      | Reached skill level 6 in Axes
  2422 | D:4      | Noticed Sigmund
  2431 | D:4      | Killed Sigmund
  2432 | D:4      | Reached skill level 7 in Axes
  2432 | D:4      | Reached XP level 6. HP: 56/56 MP: 6/6
  2507 | D:4      | Noticed Natasha
  2517 | D:4      | Killed Natasha
  2534 | D:4      | Noticed Natasha
  2543 | D:4      | Killed Natasha
  2582 | D:4      | Noticed Natasha
  2594 | D:4      | Killed Natasha
  2595 | D:4      | Reached XP level 7. HP: 60/62 MP: 7/7
  2657 | D:4      | Reached skill level 8 in Axes
  2926 | D:4      | Found Koqatt's Antique Armour Shoppe.
  3090 | D:4      | Found a staircase to the Ecumenical Temple.
  3099 | Temple   | Entered the Ecumenical Temple
  3244 | D:5      | Entered Level 5 of the Dungeon
  3281 | D:5      | HP: 3/62 [ogre/+0 giant club (17)]
  3283 | D:5      | Mangled by an ogre

Illustrated notes

Levels and vault maps discovered:
D:1:      dpeg_arrival_chambers_temple_mockup, layout_loops_ring, serial_shops,
          nicolae_shop_statue_plus, ebering_ecumenical_altar_ruins,
          serial_bayou_pond_e
D:2:      layout_rooms
D:3:      layout_basic, nicolae_grassy_gnolls
D:4:      layout_cave_pools, minmay_temple_entry_grid, serial_shops, shop,
          grunt_ministairs_6, minmay_circle_x, uniq_natasha, uniq_sigmund
D:5:      cheibrodos_helix_gallery, layout_basic, nicolae_ossuary_entry_plus,
          corexii_item_surrounded_by_moat, kennysheep_pointless_box,
          dk_rats_in_the_wall
Temple:   compressed_dpeg_triangle_lava_temple

Skill      XL: |  1  2  3  4  5  6  7 |
---------------+----------------------+-----
Axes           | 4 5 7 8 |  8.0
Fighting       | |  3.0
Throwing       | |  0.3
Armour         | |  1.7
Dodging        | |  1.7
Stealth        | |  0.8
Evocations     | |  0.3

Action                     |  1- 3 |  4- 6 |  7- 9 || total
---------------------------+-------+-------+-------++-------
  Melee: Hand axe          |   110 |   128 |    43 ||   281
         Punch             |       |     1 |       ||     1
 Invoke: Berserk           |     1 |     2 |       ||     3
         Trog's Hand       |       |     1 |       ||     1
Ability: Spit Poison       |    11 |     6 |     7 ||    24
    Use: Scroll            |       |     4 |       ||     4
 Armour: Scale mail        |    74 |    84 |    32 ||   190
  Dodge: Dodged            |    37 |    49 |    18 ||   104
